 Dungeon Crawl Stone Soup version 0.21-a0-401-g0b6bec4 (webtiles) character file.

8286 tidbits the Magician (level 11, -1/85 HPs)
             Began as a Gnoll Skald on Oct 22, 2017.
             Was an Elder of Cheibriados.
             Slain by a troll (6 damage)
             ... on level 10 of the Dungeon.
             The game lasted 00:28:12 (2618 turns).

tidbits the Magician (Gnoll Skald)                  Turns: 2618, Time: 00:28:14

Health: -1/85      AC: 12    Str: 24    XL:     11   Next: 28%
Magic:  7/22       EV: 19    Int: 29    God:    Cheibriados [****..]
Gold:   322        SH:  0    Dex: 24    Spells: 10/25 levels left

rFire    . . .     SeeInvis .   a - +0 war axe
rCold    . . .     Gourm    .   (no shield)
rNeg     . . .     Faith    .   B - +3 ring mail
rPois    .         Spirit   .   E - +2 hat
rElec    .         Reflect  .   (no cloak)
rCorr    .         Harm     .   G - +0 pair of gloves
MR       .....                  (no boots)
Stlth    +++.......             f - amulet of magic regeneration
HPRegen  1.24/turn              e - +1 ring of evasion
MPRegen  0.43/turn              (no ring)

@: singing, regenerating, very slow
A: distributed training, fangs 1, strong nose
a: Bend Time, Temporal Distortion, Slouch, Renounce Religion


You were on level 10 of the Dungeon.
You worshipped Cheibriados.
Cheibriados was greatly pleased with you.
You were not hungry.

You visited 1 branch of the dungeon, and saw 11 of its levels.

You collected 322 gold pieces.

Inventory:

Hand Weapons
 a - a +0 war axe (weapon)
 K - a +0 hand axe
 P - a +0 morningstar
 Q - a +0 shortbow
 U - a +0 battleaxe
Missiles
 g - 33 bolts
 l - 31 stones (quivered)
 n - 28 sling bullets
 F - 40 arrows
 T - 3 throwing nets {!f}
Armour
 b - a +0 leather armour
 B - a +3 ring mail (worn)
 E - a +2 hat (worn)
 G - a +0 pair of gloves (worn)
 V - a +0 ring mail
Jewellery
 e - a +1 ring of evasion (left hand)
   (You found it on level 1 of the Dungeon)
 f - an amulet of magic regeneration (around neck)
   (You found it on level 1 of the Dungeon)
 u - an uncursed ring of teleportation
   (You found it on level 8 of the Dungeon)
Wands
 j - a wand of lightning (1/15)
 H - a wand of paralysis (2/24)
 J - a wand of random effects (24/48)
 N - a wand of flame (37/48)
 S - a wand of polymorph (18/24)
Scrolls
 h - a scroll of recharging {unknown}
 o - 2 scrolls of magic mapping {unknown}
 q - a scroll of blinking {unknown}
 r - a scroll of remove curse
 t - a scroll of enchant armour
 y - 2 scrolls of fog {unknown}
 C - a scroll of teleportation
Potions
 k - a potion of ambrosia
 m - 3 potions of haste {unknown}
 p - a potion of brilliance {unknown}
 s - 2 potions of mutation {!q}
 w - a potion of flight {unknown}
 x - a potion of invisibility {unknown}
 z - a potion of cancellation
 A - a potion of might {unknown}
 D - a potion of agility {unknown}
 I - 7 potions of curing
 L - a potion of berserk rage {unknown}
 M - a potion of degeneration {unknown}
 R - a potion of lignification {unknown}
Books
 c - a book of Battle

   Spells                             Type                      Level
   a - Infusion                       Charms                       1
   b - Shroud of Golubria             Charms/Translocation         2
   c - Song of Slaying                Charms                       2
   d - Spectral Weapon                Hexes/Charms                 3
   e - Regeneration                   Charms/Necromancy            3
 O - a book of Maledictions
   (You found it on level 8 of the Dungeon)

   Spells                             Type                      Level
   a - Corona                         Hexes                        1
   b - Ensorcelled Hibernation        Hexes/Ice                    2
   c - Confuse                        Hexes                        3
   d - Tukima's Dance                 Hexes                        3
   e - Dazzling Spray                 Conjuration/Hexes            3
Comestibles
 d - 2 bread rations
 i - 2 royal jellies
 v - 7 fruits


   Skills:
 + Level 7.6 Fighting
 + Level 6.0 Short Blades
 + Level 6.0 Long Blades
 + Level 7.6 Axes
 + Level 6.0 Maces & Flails
 + Level 6.0 Polearms
 + Level 6.0 Staves
 + Level 6.0 Slings
 + Level 6.0 Bows
 + Level 6.0 Crossbows
 + Level 6.0 Throwing
 + Level 6.6 Armour
 + Level 7.6 Dodging
 + Level 6.0 Stealth
 + Level 6.0 Shields
 + Level 6.0 Unarmed Combat
 + Level 7.9 Spellcasting
 + Level 5.0 Conjurations
 + Level 5.0 Hexes
 + Level 7.5 Charms
 + Level 5.0 Summonings
 + Level 5.0 Necromancy
 + Level 5.0 Translocations
 + Level 5.0 Transmutations
 + Level 5.0 Fire Magic
 + Level 5.0 Ice Magic
 + Level 5.0 Air Magic
 + Level 5.0 Earth Magic
 + Level 5.0 Poison Magic
 + Level 6.6 Invocations
 + Level 6.0 Evocations


You had 10 spell levels left.
You knew the following spells:

 Your Spells              Type           Power        Failure   Level  Hunger
c - Confuse               Hex            #####...     2%          3    None
g - Shroud of Golubria    Chrm/Tloc      #####.....   1%          2    None
i - Infusion              Chrm           ####         1%          1    None
o - Corona                Hex            #####..      1%          1    None
r - Regeneration          Chrm/Necr      #####.....   1%          3    None
w - Spectral Weapon       Hex/Chrm       #####...     1%          3    None
y - Song of Slaying       Chrm           ######..     1%          2    None


Dungeon Overview and Level Annotations

Branches:
Dungeon (11/15)              Lair (0/6) D:8             Orc (0/2) D:9
 Temple: D:4-7

Altars:
Cheibriados
Gozag
Nemelex Xobeh
Okawaru
Sif Muna
Trog
Vehumet
Xom
Zin
Beogh

Shops:
D:8 =


Innate Abilities, Weirdness & Mutations

Your experience applies equally to all skills.
You have very sharp teeth.
Your uncanny sense of smell can sniff out nearby items.


Message History

Something closely misses you.
The yak barely misses your spectral weapon.
Casting: Infusion
Confirm with . or Enter, or press ? or * to list all spells.
Aiming: Corona
Press: ? - help, Shift-Dir - straight line, f - yak
Aim: a yak (severely wounded, chance to defeat MR: 76%) Nothing appears to happen.
Something closely misses you. Something bites you!
* * * LOW HITPOINT WARNING * * *
Something draws strength from your injuries!
The yak barely misses your spectral weapon.
A yak comes into view.
Something hits you but does no damage. Something bites you but does no damage.
The yak gores your spectral weapon!
Your spectral weapon shares its damage with you!
* * * LOW HITPOINT WARNING * * *
You climb upwards.
Your summoned ally is left behind.
Your spectral weapon fades away.
There is a stone staircase leading down here.
You closely miss something. Something hits you but does no damage.
Something bites you.
* * * LOW HITPOINT WARNING * * *
Something draws strength from your injuries!
Casting: Corona
Confirm with . or Enter, or press ? or * to list all spells.
Aiming: Corona
Press: ? - help, Shift-Dir - straight line, f - you Nothing appears to happen.
Your skin is crawling a little less now.
Something hits you.
* * * LOW HITPOINT WARNING * * *
Something bites you.
* * * LOW HITPOINT WARNING * * *
Something draws strength from your injuries!
Casting: Corona
Confirm with . or Enter, or press ? or * to list all spells.
Aiming: Corona
Press: ? - help, Shift-Dir - straight line, f - you The vampire is outlined in light.
The vampire closely misses you.
The vampire bites you but does no damage.
Casting: Corona
Confirm with . or Enter, or press ? or * to list all spells.
You draw out your weapon's spirit!
The vampire misses you.
The vampire bites you but does no damage.
You slice the vampire!! Your bite misses the vampire.
The vampire is almost destroyed.
Your spectral weapon hits the vampire.
The vampire is infused with unholy energy.
* * * LOW HITPOINT WARNING * * *
The vampire draws life force from you and is healed!
The vampire hits you!
* * * LOW HITPOINT WARNING * * *
The vampire bites you but does no damage.
You hit the vampire but do no damage.
The vampire is severely damaged.
Your spectral weapon hits the vampire.
The vampire hits your spectral weapon!
Your spectral weapon shares its damage with you!
* * * LOW HITPOINT WARNING * * *
The vampire bites your spectral weapon.
Your spectral weapon shares its damage with you!
* * * LOW HITPOINT WARNING * * *
Your magical contamination has completely faded away.
You hit the vampire.
You destroy the vampire!
Cheibriados appreciates the change of pace.
Casting: Spectral Weapon
Confirm with . or Enter, or press ? or * to list all spells.
Your skin crawls.
Search for what [Enter for "axe", or ? for help]? troll Drop what? 48/52 slots (_ for help) (? for menu, Esc to quit)
Okay, then.
Your magical infusion is running out.
A troll comes into view.
You swap places.
You are no longer magically infusing your attacks.
There is a stone staircase leading down, spattered with blood here.
The troll bites your spectral weapon!
Your spectral weapon shares its damage with you!
* * * LOW HITPOINT WARNING * * *
The troll barely misses your spectral weapon.
The troll claws your spectral weapon!
Your spectral weapon fades away.
The troll closely misses you. The troll claws you!
* * * LOW HITPOINT WARNING * * *
The troll closely misses you. The troll bites you.
* * * LOW HITPOINT WARNING * * *
The troll misses you. The troll claws you but does no damage.
There is a stone staircase leading down, spattered with blood here.
Casting: Regeneration
Confirm with . or Enter, or press ? or * to list all spells.
You draw out your weapon's spirit!
The troll bites you.
* * * LOW HITPOINT WARNING * * *
The troll misses you. The troll claws you.
* * * LOW HITPOINT WARNING * * *
You feel better. The troll bites you.
* * * LOW HITPOINT WARNING * * *
The troll claws you!
* * * LOW HITPOINT WARNING * * *
The troll claws you.
You die...

#.# ### #.# ..#
#(# #.# #.# #.#
#.# #.# ######.#
#(# #....#.#
#T#####....#.#####
#@....'....'......
#.#####....#.####.
#.#####....#.####.
∆
#.#........#.##...
#.+......†.'......
###........#..#.#.
#######'##..#.##
#.#...#.#
###+######
###.#####.#


You could see a troll and a friendly spectral war axe.

Vanquished Creatures
  Harold (D:10)
  A hydra (D:10)
  2 two-headed ogres
  An unseen horror (D:10)
  An ugly thing (D:9)
  A troll (D:11)
  A hippogriff (D:10)
  5 yaks
  A vampire (D:10)
  A hungry ghost (D:9)
  A two-headed ogre zombie (D:9)
  An ice beast (D:7)
  A sky beast (D:9)
  5 phantoms
  2 black bears
  A necrophage (D:10)
  5 ogres
  2 centaurs
  3 bullfrogs
  A scorpion (D:8)
  A wyvern skeleton (D:8)
  3 troll zombies (D:9)
  9 killer bees
  5 wights (D:9)
  A jelly (D:5)
  5 crimson imps
  A quasit (D:10)
  2 orc priests
  2 orc wizards
  A bullfrog skeleton (D:5)
  A centaur skeleton (D:8)
  A worker ant (D:5)
  3 ogre zombies (D:9)
  A hound zombie (D:10)
  7 adders
  3 shadow imps
  An ooze (D:1)
  An adder skeleton (D:7)
  An adder zombie (D:10)
  3 leopard geckos
  15 orcs
  8 goblins
  3 hobgoblins
  8 jackals
  2 quokkas
  2 ball pythons
  7 bats
  3 frilled lizards
  4 goblin zombies (D:9)
  2 hobgoblin skeletons (D:9)
  2 hobgoblin zombies (D:9)
  4 kobolds
  A leopard gecko skeleton (D:8)
  A leopard gecko zombie (D:7)
  3 orc skeletons (D:9)
  13 orc zombies (D:9)
167 creatures vanquished.

Vanquished Creatures (others)
  4 spectral weapons
4 creatures vanquished.

Grand Total: 171 creatures vanquished

Notes
Turn   | Place    | Note
-------+----------+-------------------------------------------
     0 | D:1      | tidbits the Gnoll Skald began the quest for the Orb.
     0 | D:1      | Reached XP level 1. HP: 20/20 MP: 6/6
    47 | D:1      | Found a roughly hewn altar of Beogh.
    47 | D:1      | Noticed an orc warrior
    48 | D:1      | Noticed an orc wizard
    50 | D:1      | Noticed an orc priest
    50 | D:1      | Reached XP level 2. HP: 23/26 MP: 4/7
   124 | D:1      | Learned a level 2 spell: Song of Slaying
   127 | D:1      | Learned a level 2 spell: Shroud of Golubria
   225 | D:1      | Reached XP level 3. HP: 31/31 MP: 7/9
   230 | D:1      | Learned a level 3 spell: Regeneration
   234 | D:1      | Learned a level 3 spell: Spectral Weapon
   256 | D:1      | Reached skill level 5 in Spellcasting
   297 | D:2      | Found a faded altar of an unknown god.
   341 | D:3      | Reached skill level 1 in Invocations
   351 | D:2      | Reached skill level 1 in Short Blades
   351 | D:2      | Reached skill level 1 in Long Blades
   351 | D:2      | Reached skill level 1 in Maces & Flails
   351 | D:2      | Reached skill level 1 in Polearms
   351 | D:2      | Reached skill level 1 in Staves
   351 | D:2      | Reached skill level 1 in Slings
   351 | D:2      | Reached skill level 1 in Bows
   351 | D:2      | Reached skill level 1 in Crossbows
   351 | D:2      | Reached skill level 1 in Throwing
   351 | D:2      | Reached skill level 1 in Stealth
   351 | D:2      | Reached skill level 1 in Shields
   351 | D:2      | Reached skill level 1 in Unarmed Combat
   351 | D:2      | Reached skill level 1 in Evocations
   351 | D:2      | Reached XP level 4. HP: 20/38 MP: 9/11
   527 | D:3      | Found a snail-covered altar of Cheibriados.
   528 | D:3      | Found a sparkling altar of Nemelex Xobeh.
   528 | D:3      | Found an iron altar of Okawaru.
   528 | D:3      | Found a shimmering altar of Xom.
   533 | D:3      | Became a worshipper of Cheibriados the Contemplative
   584 | D:3      | Reached skill level 1 in Conjurations
   584 | D:3      | Reached skill level 1 in Hexes
   584 | D:3      | Reached skill level 1 in Summonings
   584 | D:3      | Reached skill level 1 in Necromancy
   584 | D:3      | Reached skill level 1 in Translocations
   584 | D:3      | Reached skill level 1 in Transmutations
   584 | D:3      | Reached skill level 1 in Fire Magic
   584 | D:3      | Reached skill level 1 in Ice Magic
   584 | D:3      | Reached skill level 1 in Air Magic
   584 | D:3      | Reached skill level 1 in Earth Magic
   584 | D:3      | Reached skill level 1 in Poison Magic
   586 | D:3      | Reached XP level 5. HP: 39/43 MP: 10/12
   677 | D:3      | Found a radiant altar of Vehumet.
   679 | D:3      | Found a glowing silver altar of Zin.
   797 | D:5      | Entered Level 5 of the Dungeon
   835 | D:6      | Noticed an ogre
   835 | D:6      | Noticed a centaur
   888 | D:5      | Reached skill level 3 in Armour
   888 | D:5      | HP: 2/43 [bullfrog skeleton (5)]
   913 | D:5      | Found a deep blue altar of Sif Muna.
   965 | D:6      | Reached skill level 2 in Invocations
   965 | D:6      | Reached XP level 6. HP: 33/50 MP: 12/14
   987 | D:6      | Reached skill level 5 in Fighting
   987 | D:6      | Reached skill level 2 in Short Blades
   987 | D:6      | Reached skill level 2 in Long Blades
   987 | D:6      | Reached skill level 5 in Axes
   987 | D:6      | Reached skill level 2 in Maces & Flails
   987 | D:6      | Reached skill level 2 in Polearms
   987 | D:6      | Reached skill level 2 in Staves
   987 | D:6      | Reached skill level 2 in Slings
   987 | D:6      | Reached skill level 2 in Bows
   987 | D:6      | Reached skill level 2 in Crossbows
   987 | D:6      | Reached skill level 2 in Throwing
   987 | D:6      | Reached skill level 5 in Dodging
   987 | D:6      | Reached skill level 2 in Stealth
   987 | D:6      | Reached skill level 2 in Shields
   987 | D:6      | Reached skill level 2 in Unarmed Combat
   987 | D:6      | Reached skill level 2 in Evocations
  1007 | D:6      | Reached XP level 7. HP: 30/56 MP: 9/15
  1178 | D:7      | Reached * piety under Cheibriados
  1178 | D:7      | Reached skill level 2 in Conjurations
  1178 | D:7      | Reached skill level 2 in Hexes
  1178 | D:7      | Reached skill level 2 in Summonings
  1178 | D:7      | Reached skill level 2 in Necromancy
  1178 | D:7      | Reached skill level 2 in Translocations
  1178 | D:7      | Reached skill level 2 in Transmutations
  1178 | D:7      | Reached skill level 2 in Fire Magic
  1178 | D:7      | Reached skill level 2 in Ice Magic
  1178 | D:7      | Reached skill level 2 in Air Magic
  1178 | D:7      | Reached skill level 2 in Earth Magic
  1178 | D:7      | Reached skill level 2 in Poison Magic
  1196 | D:8      | Reached skill level 3 in Invocations
  1245 | D:7      | Reached XP level 8. HP: 60/63 MP: 10/16
  1252 | D:7      | Reached skill level 6 in Charms
  1268 | D:7      | Reached skill level 3 in Short Blades
  1268 | D:7      | Reached skill level 3 in Long Blades
  1268 | D:7      | Reached skill level 3 in Maces & Flails
  1268 | D:7      | Reached skill level 3 in Polearms
  1268 | D:7      | Reached skill level 3 in Staves
  1268 | D:7      | Reached skill level 3 in Slings
  1268 | D:7      | Reached skill level 3 in Bows
  1268 | D:7      | Reached skill level 3 in Crossbows
  1268 | D:7      | Reached skill level 3 in Throwing
  1268 | D:7      | Reached skill level 4 in Armour
  1268 | D:7      | Reached skill level 3 in Stealth
  1268 | D:7      | Reached skill level 3 in Shields
  1268 | D:7      | Reached skill level 3 in Unarmed Combat
  1268 | D:7      | Reached skill level 3 in Evocations
  1322 | D:7      | Reached skill level 6 in Spellcasting
  1351 | D:8      | Found a staircase to the Lair.
  1381 | D:7      | Reached ** piety under Cheibriados
  1609 | D:8      | Found an opulent altar of Gozag.
  1683 | D:8      | Reached skill level 3 in Conjurations
  1683 | D:8      | Reached skill level 3 in Hexes
  1683 | D:8      | Reached skill level 3 in Summonings
  1683 | D:8      | Reached skill level 3 in Necromancy
  1683 | D:8      | Reached skill level 3 in Translocations
  1683 | D:8      | Reached skill level 3 in Transmutations
  1683 | D:8      | Reached skill level 3 in Fire Magic
  1683 | D:8      | Reached skill level 3 in Ice Magic
  1683 | D:8      | Reached skill level 3 in Air Magic
  1683 | D:8      | Reached skill level 3 in Earth Magic
  1683 | D:8      | Reached skill level 3 in Poison Magic
  1683 | D:8      | Reached skill level 4 in Invocations
  1730 | D:8      | Reached XP level 9. HP: 69/69 MP: 14/18
  1733 | D:8      | Reached skill level 6 in Fighting
  1733 | D:8      | Reached skill level 6 in Axes
  1733 | D:8      | Reached skill level 6 in Dodging
  1767 | D:8      | Noticed a two-headed ogre
  1776 | D:8      | Killed a two-headed ogre
  1776 | D:8      | Reached skill level 4 in Short Blades
  1776 | D:8      | Reached skill level 4 in Long Blades
  1776 | D:8      | Reached skill level 4 in Maces & Flails
  1776 | D:8      | Reached skill level 4 in Polearms
  1776 | D:8      | Reached skill level 4 in Staves
  1776 | D:8      | Reached skill level 4 in Slings
  1776 | D:8      | Reached skill level 4 in Bows
  1776 | D:8      | Reached skill level 4 in Crossbows
  1776 | D:8      | Reached skill level 4 in Throwing
  1776 | D:8      | Reached skill level 5 in Armour
  1776 | D:8      | Reached skill level 4 in Stealth
  1776 | D:8      | Reached skill level 4 in Shields
  1776 | D:8      | Reached skill level 4 in Unarmed Combat
  1776 | D:8      | Reached skill level 4 in Evocations
  1784 | D:8      | Learned a level 3 spell: Confuse
  1881 | D:8      | Found Cairon's Jewellery Boutique.
  1928 | D:9      | Found a sparkling altar of Nemelex Xobeh.
  1931 | D:9      | Noticed a two-headed ogre
  1935 | D:9      | Killed a two-headed ogre
  1935 | D:9      | Reached skill level 7 in Spellcasting
  1935 | D:9      | Reached skill level 4 in Conjurations
  1935 | D:9      | Reached skill level 4 in Hexes
  1935 | D:9      | Reached skill level 4 in Summonings
  1935 | D:9      | Reached skill level 4 in Necromancy
  1935 | D:9      | Reached skill level 4 in Translocations
  1935 | D:9      | Reached skill level 4 in Transmutations
  1935 | D:9      | Reached skill level 4 in Fire Magic
  1935 | D:9      | Reached skill level 4 in Ice Magic
  1935 | D:9      | Reached skill level 4 in Air Magic
  1935 | D:9      | Reached skill level 4 in Earth Magic
  1935 | D:9      | Reached skill level 4 in Poison Magic
  1935 | D:9      | Reached skill level 5 in Invocations
  1935 | D:9      | Reached XP level 10. HP: 73/77 MP: 18/20
  1947 | D:9      | Reached *** piety under Cheibriados
  1966 | D:10     | Entered Level 10 of the Dungeon
  2086 | D:9      | Reached skill level 5 in Short Blades
  2086 | D:9      | Reached skill level 5 in Long Blades
  2086 | D:9      | Reached skill level 5 in Maces & Flails
  2086 | D:9      | Reached skill level 5 in Polearms
  2086 | D:9      | Reached skill level 5 in Staves
  2086 | D:9      | Reached skill level 5 in Slings
  2086 | D:9      | Reached skill level 5 in Bows
  2086 | D:9      | Reached skill level 5 in Crossbows
  2086 | D:9      | Reached skill level 5 in Throwing
  2086 | D:9      | Reached skill level 5 in Stealth
  2086 | D:9      | Reached skill level 5 in Shields
  2086 | D:9      | Reached skill level 5 in Unarmed Combat
  2086 | D:9      | Reached skill level 5 in Evocations
  2093 | D:9      | Reached skill level 7 in Charms
  2137 | D:9      | Noticed a brown ugly thing
  2139 | D:9      | Found a staircase to the Orcish Mines.
  2143 | D:9      | Reached **** piety under Cheibriados
  2149 | D:9      | Killed a brown ugly thing
  2149 | D:9      | Reached skill level 7 in Fighting
  2149 | D:9      | Reached skill level 7 in Axes
  2149 | D:9      | Reached skill level 7 in Dodging
  2204 | D:9      | Reached skill level 6 in Armour
  2255 | D:10     | Noticed an eight-headed hydra
  2262 | D:10     | Killed an eight-headed hydra
  2262 | D:10     | Reached skill level 6 in Invocations
  2413 | D:10     | Learned a level 1 spell: Corona
  2434 | D:10     | Noticed an unseen horror
  2447 | D:10     | Killed an unseen horror
  2447 | D:10     | Reached XP level 11. HP: 54/84 MP: 20/22
  2469 | D:10     | Found a bloodstained altar of Trog.
  2514 | D:10     | Noticed Harold
  2536 | D:10     | Killed Harold
  2595 | D:11     | Reached skill level 6 in Short Blades
  2595 | D:11     | Reached skill level 6 in Long Blades
  2595 | D:11     | Reached skill level 6 in Maces & Flails
  2595 | D:11     | Reached skill level 6 in Polearms
  2595 | D:11     | Reached skill level 6 in Staves
  2595 | D:11     | Reached skill level 6 in Slings
  2595 | D:11     | Reached skill level 6 in Bows
  2595 | D:11     | Reached skill level 6 in Crossbows
  2595 | D:11     | Reached skill level 6 in Throwing
  2595 | D:11     | Reached skill level 6 in Stealth
  2595 | D:11     | Reached skill level 6 in Shields
  2595 | D:11     | Reached skill level 6 in Unarmed Combat
  2595 | D:11     | Reached skill level 6 in Evocations
  2597 | D:11     | Reached skill level 5 in Conjurations
  2597 | D:11     | Reached skill level 5 in Hexes
  2597 | D:11     | Reached skill level 5 in Summonings
  2597 | D:11     | Reached skill level 5 in Necromancy
  2597 | D:11     | Reached skill level 5 in Translocations
  2597 | D:11     | Reached skill level 5 in Transmutations
  2597 | D:11     | Reached skill level 5 in Fire Magic
  2597 | D:11     | Reached skill level 5 in Ice Magic
  2597 | D:11     | Reached skill level 5 in Air Magic
  2597 | D:11     | Reached skill level 5 in Earth Magic
  2597 | D:11     | Reached skill level 5 in Poison Magic
  2618 | D:10     | HP: 5/85 [troll (12)]
  2618 | D:10     | Slain by a troll

Vault maps used:
D:1:      erik_arrival_cave_to_civilisation
D:2:      gammafunk_temple_overflow_arena, chequers_ecumenical_altar_island
D:3:      minmay_overflow_temple_hex
D:4:      minmay_temple_entry_nine_rooms, first_bread,
          nicolae_gozag_zags_fifth_avenue
D:5:      basic_altar, uniq_grinder
D:6:      nicolae_ru_the_path_less_chosen, nicolae_benzene_ring
D:7:      uniq_joseph
D:8:      lemuel_coloured_pillars_altar, lair_entry_dummy, serial_shops, shop
D:9:      nicolae_qazlal_style_of_elements, lemuel_blue_sif_altar,
          zombieorc2_lemuel, nemelex_xobeh_ov_fountains_minmay
D:10:     bloody_trog, uniq_harold
D:11:     grunt_tengu_nest

Skill      XL: |  1  2  3  4  5  6  7  8  9 10 11 |
---------------+----------------------------------+-----
Spellcasting   | 5 6 7 |  7.9
Invocations    | 1 2 3 4 5 6 |  6.6
Short Blades   | 1 2 3 4 5 6 |  6.0
Long Blades    | 1 2 3 4 5 6 |  6.0
Maces & Flails | 1 2 3 4 5 6 |  6.0
Polearms       | 1 2 3 4 5 6 |  6.0
Staves         | 1 2 3 4 5 6 |  6.0
Slings         | 1 2 3 4 5 6 |  6.0
Bows           | 1 2 3 4 5 6 |  6.0
Crossbows      | 1 2 3 4 5 6 |  6.0
Throwing       | 1 2 3 4 5 6 |  6.0
Stealth        | 1 2 3 4 5 6 |  6.0
Shields        | 1 2 3 4 5 6 |  6.0
Unarmed Combat | 1 2 3 4 5 6 |  6.0
Evocations     | 1 2 3 4 5 6 |  6.0
Conjurations   | 1 2 3 4 5 |  5.0
Hexes          | 1 2 3 4 5 |  5.0
Summonings     | 1 2 3 4 5 |  5.0
Necromancy     | 1 2 3 4 5 |  5.0
Translocations | 1 2 3 4 5 |  5.0
Transmutations | 1 2 3 4 5 |  5.0
Fire Magic     | 1 2 3 4 5 |  5.0
Ice Magic      | 1 2 3 4 5 |  5.0
Air Magic      | 1 2 3 4 5 |  5.0
Earth Magic    | 1 2 3 4 5 |  5.0
Poison Magic   | 1 2 3 4 5 |  5.0
Armour         | 3 4 5 6 |  6.6
Fighting       | 5 6 7 |  7.6
Axes           | 5 6 7 |  7.6
Dodging        | 5 6 7 |  7.6
Charms         | 6 7 |  7.5

Action                   |  1- 3 |  4- 6 |  7- 9 | 10-12 || total
-------------------------+-------+-------+-------+-------++-------
Melee: Hand axe          |    37 |    65 |    78 |       ||   180
       Bite              |     1 |     4 |    14 |    23 ||    42
       War axe           |       |       |    60 |   123 ||   183
       Punch             |       |       |     6 |     9 ||    15
Throw: Stone             |       |       |       |     1 ||     1
 Cast: Infusion          |     6 |     5 |     6 |     3 ||    20
       Spectral Weapon   |       |    12 |    23 |    20 ||    55
       Regeneration      |       |     7 |    12 |     9 ||    28
       Shroud of Golubri |       |       |     6 |     2 ||     8
       Song of Slaying   |       |       |     1 |     4 ||     5
       Corona            |       |       |       |     7 ||     7
Evoke: Wand              |       |       |     4 |     5 ||     9
  Use: Potion            |       |     1 |       |     1 ||     2
       Scroll            |       |       |     7 |     2 ||     9
 Stab: Distracted        |       |       |     2 |     3 ||     5
       Paralysed         |       |       |     4 |       ||     4
  Eat: Royal jelly       |     1 |       |       |       ||     1
       Chunk             |       |       |     3 |       ||     3
       Fruit             |       |       |     1 |       ||     1
       Meat ration       |       |       |       |     1 ||     1
Armor: Leather armour    |     1 |       |       |       ||     1
       Ring mail         |     9 |    27 |    42 |    58 ||   136
Dodge: Dodged            |    29 |    62 |   128 |   161 ||   380

Table legend:
 A = Spawn XP
 B = Non-spawn XP
 C = Spawn XP percentage of total XP
 D = Spawn monster count
 E = Non-spawn monster count
 F = Spawn count percentage of total count
 G = Total turns spent on level
                    A         B        C        D         E        F      G
               +---------+---------+-------+---------+---------+-------+---------
         Total |       0 |   11838 |   0.0 |       0 |     167 |   0.0 |  2618
               +---------+---------+-------+---------+---------+-------+---------
           D:1 |       0 |      21 |   0.0 |       0 |      10 |   0.0 |   251
           D:2 |       0 |      74 |   0.0 |       0 |       8 |   0.0 |   149
           D:3 |       0 |      84 |   0.0 |       0 |      22 |   0.0 |   331
           D:4 |       0 |       3 |   0.0 |       0 |       1 |   0.0 |    66
           D:5 |       0 |     252 |   0.0 |       0 |       6 |   0.0 |   163
           D:6 |       0 |     338 |   0.0 |       0 |       4 |   0.0 |   212
           D:7 |       0 |    1099 |   0.0 |       0 |      18 |   0.0 |   373
           D:8 |       0 |    2180 |   0.0 |       0 |      23 |   0.0 |   400
           D:9 |       0 |    3185 |   0.0 |       0 |      52 |   0.0 |   238
          D:10 |       0 |    3862 |   0.0 |       0 |      16 |   0.0 |   416
          D:11 |       0 |     740 |   0.0 |       0 |       7 |   0.0 |    19
               +---------+---------+-------+---------+---------+-------+---------

Table legend:
 A = Turns spent in this place as a percentage of turns spent in the entire game.
 B = Non-inter-level travel turns spent in this place as a percentage of non-inter-level travel turns spent in the entire game.
 C = Inter-level travel turns spent in this place as a percentage of turns spent in this place.
 D = Turns resting spent in this place as a percentage of non-inter-level travel turns spent in this place.
 E = Turns spent auto-exploring this place as a percentage of non-inter-level travel turns spent in this place.
 F = Non-inter-level travel turns spent in this place divided by the number of levels of this place that you've seen.
                   A       B       C       D       E      F
               +-------+-------+-------+-------+-------+----------------------
         Total | 100.0 | 100.0 |   0.0 |   0.0 |   0.0 | 238.0
       Dungeon | 100.0 | 100.0 |   0.0 |   0.0 |   0.0 | 238.0
               +-------+-------+-------+-------+-------+----------------------

Table legend:
 A = Kills in this place as a percentage of kills in entire the game.
 B = Kills by you in this place as a percentage of kills by you in the entire game.
 C = Kills by friends in this place as a percentage of kills by friends in the entire game.
 D = Other kills in this place as a percentage of other kills in the entire game.
 E = Experience gained in this place as a percentage of experience gained in the entire game.
 F = Experience gained in this place divided by the number of levels of this place that you have seen.
                   A       B       C       D       E      F
               +-------+-------+-------+-------+-------+----------------------
         Total | 100.0 | 100.0 |   N/A |   N/A | 100.0 | 1076.2
       Dungeon | 100.0 | 100.0 |   N/A |   N/A | 100.0 | 1076.2
               +-------+-------+-------+-------+-------+----------------------

Vault maps used:
D:1:      erik_arrival_cave_to_civilisation
D:2:      gammafunk_temple_overflow_arena, chequers_ecumenical_altar_island
D:3:      minmay_overflow_temple_hex
D:4:      minmay_temple_entry_nine_rooms, first_bread,
          nicolae_gozag_zags_fifth_avenue
D:5:      basic_altar, uniq_grinder
D:6:      nicolae_ru_the_path_less_chosen, nicolae_benzene_ring
D:7:      uniq_joseph
D:8:      lemuel_coloured_pillars_altar, lair_entry_dummy, serial_shops, shop
D:9:      nicolae_qazlal_style_of_elements, lemuel_blue_sif_altar,
          zombieorc2_lemuel, nemelex_xobeh_ov_fountains_minmay
D:10:     bloody_trog, uniq_harold
D:11:     grunt_tengu_nest
